 Dungeon Crawl Stone Soup version 0.30-a0-305-g026cb31310 (webtiles) character file.

Game seed: 4863377138683860287

169 Sweetruy1997 the Slasher (level 5, -3/42 HPs)
             Began as a Demonspawn Chaos Knight on Oct 22, 2022.
             Was a Plaything of Xom.
             Slain by a harpy (shapeshifter) (11 damage)
             ... on level 3 of the Dungeon.
             The game lasted 00:08:07 (2365 turns).

Sweetruy1997 the Slasher (Demonspawn Chaos Knight)  Turns: 2365, Time: 00:08:08

Health: -3/42      AC:  7    Str: 12    XL:     5   Next: 25%
Magic:  5/6        EV: 11    Int: 14    God:    Xom [...*..]
Gold:   134        SH:  4    Dex: 14    Spells: 2/5 levels left

rFire   . . .      SeeInvis .    a - +0 falchion (chaos)
rCold   . . .      Faith    .    d - +1 buckler
rNeg    . . .      Spirit   .    b - +3 leather armour
rPois   .          Reflect  .    (helmet unavailable)
rElec   .          Harm     .    (no cloak)
rCorr   .          Rampage  .    (no gloves)
Will    .....                    (no boots)
Stlth   +.........               (no amulet)
HPRegen 0.27/turn                (no ring)
MPRegen 0.10/turn                (no ring)

@: no status effects
A: horns 3, demonic guardian 2, shaggy fur 1, evolution 1
a: Renounce Religion


You were on level 3 of the Dungeon.
You worshipped Xom.
You were a favourite toy of Xom.
You visited 1 branch of the dungeon, and saw 4 of its levels.

You collected 134 gold pieces.

Inventory:

Hand Weapons
 a - a +0 falchion of chaos (weapon)
Missiles
 t - 4 javelins
Armour
 b - a +3 leather armour (worn)
 d - a +1 buckler (worn)
Magical Staves
 r - a staff of earth
Wands
 j - a wand of flame (15)
Potions
 g - a potion of curing {unknown}
 h - a potion of brilliance {unknown}
 i - a potion of resistance {unknown}
 m - 2 potions of magic
 n - 2 potions of flight
 o - a potion of heal wounds {unknown}
 q - a potion of berserk rage {unknown}
 s - a potion of haste {unknown}
 u - a potion of attraction {unknown}
 v - a potion of cancellation {unknown}
Miscellaneous
 c - a piece from Xom's chessboard (3/15)


   Skills:
 + Level 3.9 Fighting
 + Level 4.0 Long Blades
 + Level 2.2 Armour
 + Level 1.4 Dodging
 + Level 0.5 Stealth
 + Level 0.9 Spellcasting
 + Level 0.4 Necromancy
 + Level 0.8 Evocations


You had 2 spell levels left.
You knew the following spells:

 Your Spells              Type           Power      Damage    Failure   Level
a - Necrotise             Necr           4%         1d4       36%         1
b - Blink                 Tloc           0%         N/A       58%         2

Your spell library contained the following spells:

 Spells                   Type           Power      Damage    Failure   Level
 Momentum Strike          Conj/Tloc      0%         3d8       58%         2
 Vampiric Draining        Necr           1%         2d6       75%         3
 Lesser Beckoning         Tloc           0%         N/A       82%         3
 Agony                    Necr           1%         N/A       100%        5


Dungeon Overview and Level Annotations

Branches:
Dungeon (4/15)
 Temple: D:4-7

Altars:
Vehumet
Xom


Innate Abilities, Weirdness & Mutations

You have a pair of large horns on your head.
A demonic guardian rushes to your aid.
You are covered in fur. (AC +1)
You have hidden genetic potential.


Message History

You climb downwards.
The ball python hisses angrily.
The gnoll shouts! x3; You hear a shout!
Found 4 stones.
There is a stone staircase leading up here.
The gnoll closely misses you.
You climb upwards.
There is a stone staircase leading down here.
You hit the gnoll.
The gnoll changes into a shapeshifter!
Xom thinks this is hilarious!
You headbutt the shapeshifter, but do no damage.
The shapeshifter is lightly wounded.
The shapeshifter changes into a harpy!
You hit the harpy but do no damage.
The harpy suddenly seems more agile.
You headbutt the harpy.
The harpy is lightly wounded.
The harpy claws you but does no damage. The harpy claws you!
As you read the scroll labelled SAULEI MEURHAE, it crumbles to dust.
It is a scroll of amnesia.
Really abort (and waste the scroll)? [Y]es or [N]o only, please.
Really abort (and waste the scroll)?
Okay, then.
The harpy claws you. The harpy claws you but does no damage.
The air fills with toxic fumes!
As you read the scroll labelled HOFARU FATAG, it crumbles to dust.
It was a scroll of poison.
You miss the harpy.
The harpy is lightly wounded.
The harpy claws you! The harpy claws you but does no damage.
You are too injured to fight recklessly!
Casting: Necrotise (safe; 36% risk of failure)
Confirm with . or Enter, or press ? or * to list all spells.
Aiming: Necrotise (safe; 36% risk of failure)
Press: ? - help, Shift-Dir - straight line, f - harpy
Aim: a harpy shaped shifter (poison gas, lightly wounded, unusually agile, chance to affect: 36%)
The harpy writhes in agony.
The harpy claws you!
* * * LOW HITPOINT WARNING * * *
A demonic guardian appears!
The harpy claws you!
You die...
Xom chuckles heartily!

.# ###...........###..## )#
#)....§§####§#####.§##
.###..#..§§§§§§§§§§###§§#
.........§§§§§§§§§§§§§§§######
.........§§§§§§§§§§§§§§§##...#
....#....§§§§§§§§§§§§§§§##...#
....#....§§§§§§§§§§§§§§§.....#
....#....§§§§.§H4§§§§§§###...#
....#....§§§§§§§@§§##### #...#
######...§§§§§§§§§## #...#
##..§§§§§§§§## #...#
############ #####


You could see a harpy shaped shifter (agile, ally target) and a friendly
hellwing (summoned).

Vanquished Creatures
  Terence (D:2)
  Natasha (D:2)
  5 adders
  3 worms
  3 dart slugs
  4 orcs (D:3)
  6 endoplasms
  5 giant cockroaches
  3 goblins (D:2)
  8 hobgoblins
  7 kobolds
  A quokka (D:2)
  2 bats
  3 frilled lizards (D:1)
  3 rats
55 creatures vanquished.

Vanquished Creatures (collateral kills)
  A goblin (D:3)
  A kobold (D:3)
  A quokka (D:2)
3 creatures vanquished.

Vanquished Creatures (others)
  3 plants (D:1)
3 creatures vanquished.

Grand Total: 61 creatures vanquished

Notes
Turn   | Place    | Note
-------+----------+-------------------------------------------
     0 | D:1      | Sweetruy1997 the Demonspawn Chaos Knight began the quest
                  | for the Orb.
     0 | D:1      | Reached XP level 1. HP: 18/18 MP: 1/1
    54 | D:1      | XOM: divination: detect items
   110 | D:1      | Reached skill level 3 in Long Blades
   196 | D:1      | Gained mutation: A weak demonic guardian rushes to your
                  | aid. [demonic ancestry]
   196 | D:1      | Reached XP level 2. HP: 23/24 MP: 2/2
   457 | D:1      | Reached skill level 1 in Dodging
   716 | D:1      | XOM: divination: magic mapping
   908 | D:2      | Found a faded altar of an unknown god.
   920 | D:2      | Noticed Terence
  1003 | D:2      | Learned a level 1 spell: Necrotise
  1012 | D:2      | Gained mutation: A demonic guardian rushes to your aid.
                  | [demonic ancestry]
  1012 | D:2      | Reached XP level 3. HP: 25/29 MP: 3/3
  1269 | D:2      | XOM: potion effect (might)
  1376 | D:2      | Found a shimmering altar of Xom.
  1378 | D:2      | Noticed Natasha
  1381 | D:2      | XOM: 2-stop teleportation journey
  1404 | D:2      | XOM: cast spell 'Olgreb's Toxic Radiance'
  1409 | D:2      | Killed Natasha
  1410 | D:2      | Reached XP level 4. HP: 36/36 MP: 4/4
  1434 | D:2      | Killed Terence
  1599 | D:3      | XOM: divination: magic mapping
  1621 | D:3      | Learned a level 2 spell: Blink
  1800 | D:3      | Gained mutation: You have a pair of small horns on your
                  | head. [demonic ancestry]
  1800 | D:3      | Reached XP level 5. HP: 42/42 MP: 4/6
  2043 | D:3      | Reached skill level 4 in Long Blades
  2093 | D:3      | Found a radiant altar of Vehumet.
  2212 | D:3      | XOM: give mutations
  2212 | D:3      | Gained mutation: You are covered in fur. (AC +1) [Xom's
                  | grace]
  2212 | D:3      | Gained mutation: You have a pair of horns on your head.
                  | [Xom's grace]
  2212 | D:3      | Gained mutation: You have hidden genetic potential. [Xom's
                  | grace]
  2212 | D:3      | Gained mutation: You have a pair of large horns on your
                  | head. [Xom's grace]
  2266 | D:3      | XOM: noise
  2360 | D:3      | a gnoll changed into a shapeshifter
  2360 | D:3      | Noticed a shapeshifter (shapeshifter)
  2360 | D:3      | a shapeshifter changed into a harpy
  2360 | D:3      | Noticed a harpy (shapeshifter)
  2365 | D:3      | Slain by a harpy (shapeshifter)

Illustrated notes

Levels and vault maps discovered:
D:1:      roderic_crop_circles_arrival_small, layout_basic
D:2:      layout_rooms, basic_altar, shapermc_ecumenical_altar_mp_highgroup,
          kennysheep_decorative_pillar, minmay_circle_x, uniq_terence,
          uniq_natasha
D:3:      layout_rooms, vehumet_crystals
D:4:      layout_rooms, minmay_temple_entry_drinking_statues, minmay_checkerbox,
          uniq_edmund, uniq_pikel, uniq_sigmund

Skill      XL: |  1  2  3  4  5 |
---------------+----------------+-----
Long Blades    | 3 4 |  4.0
Armour         | 2 |  2.2
Dodging        | 1 |  1.4
Fighting       | |  3.9
Stealth        | |  0.5
Spellcasting   | |  0.9
Necromancy     | |  0.4
Evocations     | |  0.8

Action                   |  1- 3 |  4- 6 || total
-------------------------+-------+-------++-------
Melee: Falchion          |   105 |    57 ||   162
       Punch             |     3 |       ||     3
       Headbutt          |       |     5 ||     5
 Cast: Necrotise         |     3 |    14 ||    17
Evoke: Piece from Xom's  |    14 |     8 ||    22
       Wand              |       |     2 ||     2
  Use: Scroll            |       |    10 ||    10
 Stab: Sleeping          |     1 |       ||     1
       Petrified         |       |     2 ||     2
Armor: Leather armour    |    41 |    25 ||    66
Dodge: Dodged            |    48 |    40 ||    88
Block: Buckler           |       |     9 ||     9

Table legend: (Time is in decaauts)
 A = Elapsed time spent in this place.
 B = Non-inter-level travel time spent in this place.
 C = Inter-level travel time spent in this place.
 D = Time resting spent in this place.
 E = Time spent auto-exploring this place.
 F = Levels seen in this place.
 G = Mean time per level.
                   A        B        C        D        E       F      G
               +--------+--------+--------+--------+--------+-----+--------+
         Total |   2388 |   2237 |    151 |      0 |   1706 |   4 |  597.0 |
       Dungeon |   2388 |   2237 |    151 |      0 |   1706 |   4 |  597.0 |
               +--------+--------+--------+--------+--------+-----+--------+

Top non-repeatable levels by time:
     D:1: 935 daAuts
     D:3: 779 daAuts
     D:2: 672 daAuts
     D:4: 1 daAuts
